 Dungeon Crawl Stone Soup version 0.32-a0-616-g9348d4545b (webtiles) character file.

Game seed: 7614117776110730614

13521 ytrimaz the Prestidigitator (level 12, -3/94 HPs)
             Began as a Coglin Artificer on Mar 6, 2024.
             Was an Initiate of Gozag.
             Incinerated by a deep elf pyromancer (10 damage)
             ... with a pyre arrow
             ... on level 11 of the Dungeon.
             The game lasted 00:16:46 (12554 turns).

ytrimaz the Prestidigitator (Coglin Artificer)     Turns: 12554, Time: 00:16:47

Health: -3/94      AC: 37    Str: 18    XL:     12   Next: 6%
Magic:  12/12      EV:  3    Int: 15    God:    Gozag
Gold:   670        SH:  0    Dex: 15    Spells: 11/11 levels left

rFire   . . .        a - +5 war axe of Cuffag {freeze, Int+2}
rCold   + . .        A - +1 hand axe (flame) {Zoran}
rNeg    . . .        s - +12 crystal plate armour "Afoihite" {rC+}
rPois   .            v - +2 helmet "Yjedd" {Int+3 SInv}
rElec   .            (no cloak)
rCorr   .            (no gloves)
SInv    +            k - +0 pair of boots
Will    .....        (amulet unavailable) Stlth
                     (ring unavailable)
HPRegen 0.35/turn    (ring unavailable)
MPRegen 0.13/turn    (no gizmo)

%: no passive effects
@: on fire, glowing, revving
A: off-hand wielding, slow wielding, warmup strikes, no jewellery
a: Invent Gizmo, Renounce Religion, Potion Petition, Call Merchant, Bribe Branch


You were on level 11 of the Dungeon.
You worshipped Gozag.
Gozag was pleased with you.
You visited 1 branch of the dungeon, and saw 11 of its levels.
You also visited: Bailey.

You collected 2469 gold pieces.
You spent 552 gold pieces at shops.
You paid 1247 gold pieces to Gozag.


Innate Abilities, Weirdness & Mutations

You can wield a second weapon in your off-hand.
It takes a long time for you to wield or remove held weapons.
Your first few attacks do less damage.
You cannot equip rings or amulets.


   Skills:
 + Level 8.6 Fighting
 + Level 10.0 Axes
 + Level 10.2 Armour
 - Level 0.8 Dodging
 - Level 0.7 Stealth
 - Level 12.0 Evocations


You had 11 spell levels left.
You didn't know any spells.
Your spell library contained the following spells:

 Spells                   Type           Power      Damage    Failure   Level
 Necrotise                Necr           0%         1d4       100%        1
 Blink                    Tloc           0%         N/A       100%        2
 Ensorcelled Hibernation  Hex/Ice        0%         N/A       100%        2
 Lesser Beckoning         Tloc           0%         N/A       100%        2
 Momentum Strike          Conj/Tloc      0%         3d8       100%        2
 Dazzling Flash           Conj/Hex       0%         N/A       100%        3
 Mephitic Cloud           Conj/Alch/Air  0%         N/A       100%        3
 Passwall                 Erth           0%         N/A       100%        3
 Swiftness                Air            0%         N/A       100%        3
 Vampiric Draining        Necr           0%         2d6       100%        3
 Martyr's Knell           Necr/Summ      0%         N/A       100%        4
 Curse of Agony           Necr           0%         N/A       100%        5
 Silence                  Hex/Air        0%         N/A       100%        5
 Chain Lightning          Conj/Air       0%         N/A       100%        9
 Fire Storm               Conj/Fire      0%         5d1       100%        9
 Shatter                  Erth           0%         3d5*      100%        9

Inventory:

Hand Weapons
 a - the +5 war axe of Cuffag (weapon) {freeze, Int+2}
   (You bought it in a shop on level 8 of the Dungeon)

   Int+2:     It affects your intelligence (+2).
 t - a +0 hand axe {Iseul}
   (You took it off an orc on level 3 of the Dungeon)
 A - a +1 hand axe of flaming (offhand) {Zoran}
   (You took it off an orc on level 5 of the Dungeon)
 B - a +1 war axe {Yvonne}
   (You found it on level 6 of the Dungeon)
Missiles
 r - a throwing net
Armour
 f - the +3 ring mail of the Nexus {Will+ Int+3}
   (You found it on level 6 of the Dungeon)

   Int+3:     It affects your intelligence (+3).
   Will+:     It increases your willpower.
 k - a +0 pair of boots (worn)
   (You found it on level 2 of the Dungeon)
 m - a +0 plate armour
   (You found it on level 3 of the Dungeon)
 s - the +12 crystal plate armour "Afoihite" (worn) {rC+}
   (You found it in a bailey)

   rC+:       It protects you from cold.
 v - the +2 helmet "Yjedd" (worn) {Int+3 SInv}
   (You found it in a bailey)

   Int+3:     It affects your intelligence (+3).
   SInv:      It lets you see invisible.
 x - a +1 chain mail of willpower
   (You found it in a bailey)
Wands
 c - a wand of flame (42)
 d - a wand of charming (12)
 C - a wand of warping (22) (quivered)
   (You found it on level 6 of the Dungeon)
 F - a wand of digging (4)
   (You found it on level 10 of the Dungeon)
Scrolls
 e - a scroll of vulnerability
 g - a scroll of poison
 p - a scroll of noise {unknown}
 u - a scroll of revelation
 w - a scroll of teleportation
 y - 2 scrolls of silence
 G - a scroll of enchant weapon
Potions
 b - 6 potions of brilliance
 h - 2 potions of mutation
 i - a potion of ambrosia
 j - a potion of attraction
 l - 4 potions of lignification
 n - 3 potions of haste
 o - a potion of berserk rage
 D - 2 potions of curing

Dungeon Overview and Level Annotations

Branches:
Dungeon (11/15) Zot: 26386  Temple (0/1) D:4            Lair (0/5) D:8
    Orc (0/2) D:11         Bailey (visited)

Altars:
Ashenzari
Dithmenos
Elyvilon
Fedhas
Gozag
Hepliaklqana
Nemelex Xobeh
Sif Muna
Wu Jian
Yredelemnul
The Shining One

Shops:
D:2 :   D:7 =   D:8 (   D:10 (

Annotations:
D:7 exclusion: downstairs

........โ—‹ยงE......
.......ยฐโ—‹.e......
#####.E######### #..# #..#
###..## #PP...## #...$P.####
##########@..$P..........
...........P.$$P..........
.............P.P.........
.......................#
.......................#
.......................#
.......................#####
................(..........)
....................<....###


You could see a fire elemental (summoned).


Message History

You hit the fire elemental with the +5 war axe of Cuffag.
You freeze the fire elemental.
You barely miss the fire elemental with the +5 war axe of Cuffag.
You closely miss the deep elf pyromancer with your +1 hand axe of flaming.
You barely miss the fire elemental with your +1 hand axe of flaming.
You hit the fire elemental but do no damage.
You barely miss the fire elemental with your +1 hand axe of flaming.
The liquid fire burns you!
* * * LOW HITPOINT WARNING * * *
The fire elemental hits you. The fire elemental burns you!
* * * LOW HITPOINT WARNING * * *
The fire elemental barely misses you. The fire elemental hits you.
The fire elemental burns you!
* * * LOW HITPOINT WARNING * * *
The deep elf pyromancer hits you but does no damage.
Unknown command. ๐Ÿ˜จ HP[-17]
You take 17 damage, and now have 34/94 hp.
You hit the deep elf pyromancer with your +1 hand axe of flaming.
You burn the deep elf pyromancer.
You hit the fire elemental with your +1 hand axe of flaming. x2
You hit the fire elemental but do no damage.
You hit the deep elf pyromancer but do no damage.
You hit the fire elemental with the +5 war axe of Cuffag.
You freeze the fire elemental.
You hit the fire elemental but do no damage.
You hit the fire elemental with the +5 war axe of Cuffag.
You freeze the fire elemental. The liquid fire burns you!
* * * LOW HITPOINT WARNING * * *
The fire elemental hits you. x3; The fire elemental burns you!
* * * LOW HITPOINT WARNING * * *
๐Ÿ˜จ HP[-3]
You take 3 damage, and now have 31/94 hp.
Unknown command.
You hit the deep elf pyromancer with the +5 war axe of Cuffag.
You freeze the deep elf pyromancer.
You slash the fire elemental with the +5 war axe of Cuffag!
You freeze the fire elemental.
You closely miss the fire elemental with the +5 war axe of Cuffag.
You hit the fire elemental with the +5 war axe of Cuffag.
You freeze the fire elemental.
You closely miss the deep elf pyromancer with your +1 hand axe of flaming.
You closely miss the fire elemental with your +1 hand axe of flaming.
You hit the fire elemental but do no damage.
You hit the fire elemental with your +1 hand axe of flaming.
The fire elemental hits you. The fire elemental burns you!
* * * LOW HITPOINT WARNING * * *
The deep elf pyromancer barely misses you.
The fire elemental hits you. The fire elemental burns you!
* * * LOW HITPOINT WARNING * * *
The fire elemental hits you. x2; The fire elemental burns you!
* * * LOW HITPOINT WARNING * * *
๐Ÿ˜ฑ HP[-15]
You take 15 damage, and now have 16/94 hp.
Unknown command.
You feel much better. The fire elemental hits you.
The fire elemental burns you!
* * * LOW HITPOINT WARNING * * *
The fire elemental hits you. The fire elemental burns you!
* * * LOW HITPOINT WARNING * * *
The deep elf pyromancer points at you and mumbles some strange words.
The pyre arrow hits you.
You are covered in intense liquid fire!
The fire elemental hits you. The fire elemental burns you!
* * * LOW HITPOINT WARNING * * *
๐Ÿ˜ฑ HP[+7]
You regained 7 hp, and now have 23/94 hp.
You feel much better. The liquid fire burns you!
* * * LOW HITPOINT WARNING * * *
The fire elemental hits you. The fire elemental burns you!
* * * LOW HITPOINT WARNING * * *
The fire elemental hits you.
The deep elf pyromancer hits you but does no damage.
The fire elemental hits you. The fire elemental barely misses you.
The fire elemental hits you. The fire elemental burns you!
* * * LOW HITPOINT WARNING * * *
๐Ÿ˜จ HP[+4]
You regained 4 hp, and now have 27/94 hp.
Okay, then.
Blink to where?
Press: ? - help, Dir - move target
As you read the scroll of blinking, it crumbles to dust.
The liquid fire burns you!
* * * LOW HITPOINT WARNING * * *
๐Ÿ˜ฑ HP[-13]
You take 13 damage, and now have 14/94 hp.
Unknown command.
You shake off some of the fire as you move.
The liquid fire burns you!
* * * LOW HITPOINT WARNING * * *
๐Ÿ˜ฑ HP[-12]
You take 12 damage, and now have 2/94 hp.
Unknown command.
Okay, then.
You feel better. The liquid fire burns you!
You die...
Your body crumbles into a pile of gold.

Skill      XL: |  1  2  3  4  5  6  7  8  9 10 11 |
---------------+----------------------------------+-----
Axes           | 1 2 3 4 5 7 8 9 10 | 10.0
Evocations     | 5 6 7 8 10 11 12 | 12.0
Armour         | 2 4 6 7 10 | 10.2
Fighting       | 5 8 |  8.6
Dodging        | |  0.8
Stealth        | |  0.7

Action                     |  1- 3 |  4- 6 |  7- 9 | 10-12 || total
---------------------------+-------+-------+-------+-------++-------
  Melee: Dagger            |   147 |    93 |       |       ||   240
         Club              |   147 |    94 |       |       ||   241
         Hand axe          |       |    63 |   228 |   234 ||   525
         Whip              |       |    53 |    31 |       ||    84
         Flail             |       |    12 |       |       ||    12
         War axe           |       |       |   212 |   239 ||   451
 Invoke: Call Merchant     |       |       |       |     2 ||     2
  Evoke: Wand              |     3 |     8 |    24 |    13 ||    48
    Use: Scroll            |     1 |     7 |     5 |     4 ||    17
         Potion            |       |       |     4 |     9 ||    13
   Stab: Distracted        |       |     1 |     3 |     1 ||     5
 Armour: Leather armour    |    29 |       |       |       ||    29
         Chain mail        |   123 |    45 |       |       ||   168
         Plate armour      |       |   155 |   142 |   162 ||   459
         Ring mail         |       |       |   100 |     6 ||   106
         Skin              |       |       |    24 |       ||    24
         Crystal plate arm |       |       |       |   215 ||   215
  Dodge: Dodged            |    79 |    46 |    93 |    67 ||   285

Levels and vault maps discovered:
D:1:      orjb1_clovarrival, layout_loops_ring, minmay_rat_gold_closets
D:2:      minmay_alternating_diamond, layout_basic, serial_shops, shop,
          basic_altar, serial_bayou_crossing
D:3:      layout_basic, old_standard_altar, fedhas_altar_2, lemuel_doored_altar
D:4:      layout_rooms, grunt_temple_overflow_open, minmay_temple_entry_tees,
          minmay_misc_feat_enclosed
D:5:      layout_loops_corners
D:6:      minmay_diamond_boxcup, layout_gridville, mainiacjoe_overflow_alcove_1,
          minmay_ogre_servants
D:7:      layout_gridville, serial_shops, shop,
          hangedman_abyss_or_decor_jellyfish_corner
D:8:      minmay_weird_star, layout_loops_ring, nicolae_tso_besieged_by_evil,
          erik_lair_island, minivault_19, minmay_statues_item
D:9:      layout_long_grid, uniq_jeremiah, uniq_joseph, uniq_erica
D:10:     layout_rooms, nzn_hepliaklqana_mist_gate, enter_bailey_2, uniq_fannar
D:11:     layout_long_grid, hiddenorc2_lemuel, minmay_gold_behind_fungi,
          uniq_grum

Notes
Turn   | Place    | Note
-------+----------+-------------------------------------------
     0 | D:1      | ytrimaz the Coglin Artificer began the quest for the Orb.
     0 | D:1      | Reached XP level 1. HP: 15/15 MP: 1/1
     0 | D:1      | magus.rc [v1.9.6]
    67 | D:1      | HP: 3/15 [kobold/+0 short sword (3)]
    74 | D:1      | HP: 2/15 [bat (1)]
   160 | D:1      | Reached skill level 1 in Axes
   160 | D:1      | Reached XP level 2. HP: 20/21 MP: 2/2
   229 | D:1      | You pick up a book of Necromancy and begin reading...
   229 | D:1      | You add the spells Necrotise, Vampiric Draining, Martyr's
                  | Knell and Curse of Agony to your library.
   379 | D:1      | You pick up a book of Burglary and begin reading...
   379 | D:1      | You add the spells Ensorcelled Hibernation, Swiftness and
                  | Passwall to your library.
   801 | D:2      | Reached XP level 3. HP: 25/26 MP: 3/3
  1036 | D:2      | Reached skill level 2 in Axes
  1036 | D:2      | Reached skill level 5 in Evocations
  1117 | D:2      | HP: 5/26 [ribbon worm (6)]
  1119 | D:2      | Reached XP level 4. HP: 7/32 MP: 4/4
  1547 | D:2      | Found Copagah's Book Emporium.
  1769 | D:2      | Found a shadowy altar of Dithmenos.
  1808 | D:3      | Found a blossoming altar of Fedhas.
  2113 | D:3      | Found a shimmering blue altar of Sif Muna.
  2244 | D:3      | Reached skill level 3 in Axes
  2245 | D:3      | Reached skill level 6 in Evocations
  2245 | D:3      | Reached XP level 5. HP: 37/37 MP: 5/5
  2341 | D:3      | Found a white marble altar of Elyvilon.
  2484 | D:4      | Found a sparkling altar of Nemelex Xobeh.
  2490 | D:4      | Found an ornate altar of the Wu Jian Council.
  2490 | D:4      | Found a broken altar of Ashenzari.
  2500 | D:4      | Found an opulent altar of Gozag.
  2644 | D:4      | Became a worshipper of Gozag Ym Sagoz the Greedy
  2819 | D:4      | You pick up a book of the Senses and begin reading...
  2819 | D:4      | You add the spells Dazzling Flash, Mephitic Cloud and
                  | Silence to your library.
  2881 | D:4      | Found a staircase to the Ecumenical Temple.
  3048 | D:5      | Entered Level 5 of the Dungeon
  3198 | D:5      | Reached XP level 6. HP: 35/43 MP: 6/6
  3260 | D:5      | Noticed an ice beast
  3273 | D:5      | Killed an ice beast
  3274 | D:5      | Reached skill level 4 in Axes
  3274 | D:5      | Reached skill level 7 in Evocations
  3449 | D:5      | You pick up a book of Annihilations and begin reading...
  3449 | D:5      | You add the spells Chain Lightning, Fire Storm and Shatter
                  | to your library.
  3855 | D:5      | Reached XP level 7. HP: 43/48 MP: 7/7
  4003 | D:5      | HP: 11/48 [iguana (10)]
  4004 | D:5      | HP: 2/48 [iguana (9)]
  4232 | D:5      | Reached skill level 5 in Axes
  4232 | D:5      | Reached skill level 8 in Evocations
  4461 | D:6      | Reached skill level 2 in Armour
  4537 | D:6      | Noticed a steam dragon
  4544 | D:6      | Killed a steam dragon
  4656 | D:6      | You pick up a book of Spatial Translocations and begin
                  | reading...
  4656 | D:6      | You add the spells Blink, Momentum Strike and Lesser
                  | Beckoning to your library.
  4692 | D:6      | Identified the +3 ring mail of the Nexus {Will+ Int+3}
  4835 | D:6      | Reached XP level 8. HP: 54/54 MP: 8/8
  4843 | D:6      | Reached skill level 3 in Armour
  4851 | D:6      | Reached skill level 6 in Axes
  4851 | D:6      | Reached skill level 9 in Evocations
  5185 | D:6      | Reached skill level 4 in Armour
  5267 | D:6      | HP: 10/54 [ice beast (14)]
  5598 | D:6      | Found a basalt altar of Yredelemnul.
  5885 | D:7      | Reached skill level 7 in Axes
  5885 | D:7      | Reached skill level 10 in Evocations
  6064 | D:7      | Reached XP level 9. HP: 53/59 MP: 9/9
  6135 | D:7      | Found Nerol's Jewellery Shoppe.
  6792 | D:8      | Noticed a hornet
  6857 | D:8      | Found a glowing golden altar of the Shining One.
  6999 | D:8      | Reached skill level 5 in Armour
  7010 | D:8      | HP: 14/59 [poisoned by a killer bee]
  7015 | D:8      | HP: 8/88 [poisoned by a killer bee]
  7137 | D:8      | Killed a hornet
  7252 | D:8      | Noticed a troll
  7256 | D:8      | Reached skill level 11 in Evocations
  7282 | D:8      | Reached skill level 8 in Axes
  7286 | D:8      | HP: 19/88 [troll (7)]
  7289 | D:8      | Killed a troll
  7296 | D:8      | HP: 11/88 [wolf (2)]
  7307 | D:8      | Reached skill level 6 in Armour
  7578 | D:8      | Reached XP level 10. HP: 41/65 MP: 10/10
  7595 | D:8      | Bought the +5 war axe of Cuffag {freeze, Int+2} for 552
                  | gold pieces
  7806 | D:8      | Found a staircase to the Lair.
  8326 | D:9      | Noticed Joseph
  8455 | D:9      | Reached skill level 2 in Fighting
  8455 | D:9      | Reached skill level 12 in Evocations
  8599 | D:9      | Killed Joseph
  8600 | D:9      | Reached skill level 9 in Axes
  8795 | D:9      | Reached skill level 3 in Fighting
  8817 | D:9      | Reached skill level 7 in Armour
  9025 | D:9      | Noticed Erica
  9032 | D:9      | Killed Erica
  9033 | D:9      | Reached skill level 4 in Fighting
  9252 | D:9      | Noticed Jeremiah
  9272 | D:9      | Killed Jeremiah
  9744 | D:9      | Reached skill level 5 in Fighting
  9744 | D:9      | Reached XP level 11. HP: 30/79 MP: 11/11
 10075 | D:10     | Entered Level 10 of the Dungeon
 10075 | D:10     | Noticed a two-headed ogre
 10078 | D:10     | Killed a two-headed ogre
 10079 | D:10     | Reached skill level 10 in Axes
 10079 | D:10     | Reached skill level 8 in Armour
 10173 | D:10     | Noticed a seven-headed hydra
 10190 | D:10     | Found a flagged portal.
 10194 | D:10     | Identified the +3 spear of Nionial {flame, *Noise Int+5}
 10198 | D:10     | Noticed a two-headed ogre
 10203 | Bailey   | Entered a bailey
 10221 | Bailey   | HP: 20/80 [orc/+0 halberd (6)]
 10795 | Bailey   | Identified the +2 helmet "Yjedd" {Int+3 SInv}
 10797 | Bailey   | Identified the +12 crystal plate armour "Afoihite" {rC+}
 11069 | D:10     | Killed a two-headed ogre
 11070 | D:10     | Reached skill level 6 in Fighting
 11233 | D:10     | Killed an eight-headed hydra
 11241 | D:10     | Reached skill level 9 in Armour
 11416 | D:10     | Noticed Fannar
 11442 | D:10     | Killed Fannar
 11443 | D:10     | Reached skill level 7 in Fighting
 11702 | D:10     | Noticed a two-headed ogre
 11709 | D:10     | Killed a two-headed ogre
 11777 | D:10     | Found a hazy altar of Hepliaklqana.
 11933 | D:11     | Noticed Grum
 11933 | D:11     | Noticed a two-headed ogre
 11955 | D:11     | Killed a two-headed ogre
 11956 | D:11     | Reached skill level 8 in Fighting
 11959 | D:11     | Killed Grum
 12000 | D:11     | Found a staircase to the Orcish Mines.
 12063 | D:11     | Reached skill level 10 in Armour
 12126 | D:11     | Noticed a deep elf pyromancer
 12355 | D:11     | Noticed a boulder beetle
 12371 | D:11     | Killed a boulder beetle
 12372 | D:11     | Reached XP level 12. HP: 69/94 MP: 12/12
 12549 | D:11     | HP: 16/94 [fire elemental[a deep elf pyromancer] (9)]
 12553 | D:11     | HP: 2/94 [burnt (12)]
 12554 | D:11     | Incinerated by a deep elf pyromancer

Vanquished Creatures
  Fannar (D:10)
  A hydra (D:10)
  Erica (D:9)
  A boulder beetle (D:11)
  4 two-headed ogres
  A cyclops (D:11)
  Joseph (D:9)
  A gargoyle (D:11)
  Jeremiah (D:9)
  3 trolls
  A hornet (D:8)
  2 wyverns
  7 yaks
  4 steam dragons
  Grum (D:11)
  An acid dragon (D:8)
  2 ice beasts
  9 orc warriors
  A black bear (D:5)
  An ogre (D:6)
  8 wolves
  2 phantoms
  A gnoll sergeant (D:9)
  3 bullfrogs
  4 scorpions
  17 killer bees
  4 howler monkeys
  6 hounds
  2 jellies (D:6)
  A bombardier beetle (D:6)
  2 orc priests (D:11)
  A sleepcap (D:7)
  2 gnoll boudas
  3 iguanas
  11 orc wizards
  8 adders
  16 gnolls
  3 white imps
  12 ufetubi
  2 ribbon worms
  3 dart slugs
  70 orcs
  9 ball pythons
  5 endoplasms
  3 giant cockroaches
  18 goblins
  6 hobgoblins
  A jackal (D:2)
  4 quokkas
  8 bats
  3 frilled lizards
  3 goblin zombies (D:8)
  2 hobgoblin zombies (D:8)
  6 kobolds
  2 kobold skeletons (D:8)
  3 orc skeletons (D:8)
  2 orc zombies (D:8)
  13 rats
313 creatures vanquished.

Vanquished Creatures (collateral kills)
  An orc warrior (Bailey)
1 creature vanquished.

Vanquished Creatures (others)
  A yak (D:10)
  A gnoll (D:3)
2 creatures vanquished.

Grand Total: 316 creatures vanquished

Table legend:
 A = Non-vault XP
 B = Vault XP
 C = Vault XP percentage of total XP
 D = Non-vault monster count
 E = Vault monster count
 F = Vault count percentage of total count
                 A         B        C        D         E       F
            +---------+---------+-------+---------+---------+-------
      Total |   13426 |    5891 |  30.5 |     203 |     112 |  35.6
            +---------+---------+-------+---------+---------+-------
        D:1 |      22 |       9 |  29.0 |      14 |       9 |  39.1
        D:2 |      52 |      22 |  29.7 |      21 |       5 |  19.2
        D:3 |      95 |       0 |   0.0 |      23 |       0 |   0.0
        D:4 |      85 |       0 |   0.0 |      21 |       0 |   0.0
        D:5 |     498 |       0 |   0.0 |      10 |       0 |   0.0
        D:6 |     815 |     556 |  40.6 |      23 |      15 |  39.5
        D:7 |     579 |       0 |   0.0 |      13 |       0 |   0.0
        D:8 |    1342 |    1049 |  43.9 |      25 |      22 |  46.8
        D:9 |    2546 |    1697 |  40.0 |      23 |       3 |  11.5
       D:10 |    4791 |     876 |  15.5 |      26 |       1 |   3.7
       D:11 |    2601 |     969 |  27.1 |       4 |      36 |  90.0
     Bailey |       0 |     713 | 100.0 |       0 |      21 | 100.0
            +---------+---------+-------+---------+---------+-------

Skill      XL: |  1  2  3  4  5  6  7  8  9 10 11 |
---------------+----------------------------------+-----
Axes           | 1 2 3 4 5 7 8 9 10 | 10.0
Evocations     | 5 6 7 8 10 11 12 | 12.0
Armour         | 2 4 6 7 10 | 10.2
Fighting       | 5 8 |  8.6
Dodging        | |  0.8
Stealth        | |  0.7

Action                     |  1- 3 |  4- 6 |  7- 9 | 10-12 || total
---------------------------+-------+-------+-------+-------++-------
  Melee: Dagger            |   147 |    93 |       |       ||   240
         Club              |   147 |    94 |       |       ||   241
         Hand axe          |       |    63 |   228 |   234 ||   525
         Whip              |       |    53 |    31 |       ||    84
         Flail             |       |    12 |       |       ||    12
         War axe           |       |       |   212 |   239 ||   451
 Invoke: Call Merchant     |       |       |       |     2 ||     2
  Evoke: Wand              |     3 |     8 |    24 |    13 ||    48
    Use: Scroll            |     1 |     7 |     5 |     4 ||    17
         Potion            |       |       |     4 |     9 ||    13
   Stab: Distracted        |       |     1 |     3 |     1 ||     5
 Armour: Leather armour    |    29 |       |       |       ||    29
         Chain mail        |   123 |    45 |       |       ||   168
         Plate armour      |       |   155 |   142 |   162 ||   459
         Ring mail         |       |       |   100 |     6 ||   106
         Skin              |       |       |    24 |       ||    24
         Crystal plate arm |       |       |       |   215 ||   215
  Dodge: Dodged            |    79 |    46 |    93 |    67 ||   285

Illustrated notes

Table legend:
 A = Kills in this place as a percentage of kills in the entire game.
 B = Kills by you in this place as a percentage of kills by you in the entire game.
 C = Kills by friends in this place as a percentage of kills by friends in the entire game.
 D = Other kills in this place as a percentage of other kills in the entire game.
 E = Experience gained in this place as a percentage of experience gained in the entire game.
 F = Experience gained in this place divided by the number of levels of this place that you have seen.
                   A       B       C       D       E      F
               +-------+-------+-------+-------+-------+----------------------
         Total | 100.0 | 100.0 | 100.0 | 100.0 | 100.0 | 1609.8
       Dungeon |  93.3 |  93.6 |   0.0 | 100.0 |  96.3 | 1691.3
        Bailey |   6.7 |   6.4 | 100.0 |   0.0 |   3.7 | 713.0
               +-------+-------+-------+-------+-------+----------------------

Table legend: (Time is in decaauts)
 A = Elapsed time spent in this place.
 B = Non-inter-level travel time spent in this place.
 C = Inter-level travel time spent in this place.
 D = Time resting spent in this place.
 E = Time spent auto-exploring this place.
 F = Levels seen in this place.
 G = Mean time per level.
                   A        B        C        D        E       F      G
               +--------+--------+--------+--------+--------+-----+--------+
         Total |  12590 |  12357 |    233 |    715 |   9183 |  12 | 1049.2 |
       Dungeon |  11719 |  11486 |    233 |    527 |   8718 |  11 | 1065.4 |
        Bailey |    871 |    871 |      0 |    188 |    464 |   1 |  871.0 |
               +--------+--------+--------+--------+--------+-----+--------+

Top non-repeatable levels by time:
     D:8: 1747 daAuts
     D:9: 1509 daAuts
     D:5: 1308 daAuts
     D:6: 1278 daAuts
     D:7: 1165 daAuts
     D:2: 1066 daAuts
    D:10: 990 daAuts
  Bailey: 871 daAuts
     D:1: 785 daAuts
     D:3: 639 daAuts
     D:4: 614 daAuts
    D:11: 613 daAuts
